AoeStats
← BaLVaL

Arabia

509228363Analyzed
1v1 RM · 5d ago on Sep 26, 2026· 38m 16s· 2 players
Game mode
Random Map
Map size
Tiny (2 player)
Population
200
Speed
Normal
Resources
Standard
Victory
Conquest
Starting age
Dark Age
Ending age
Imperial Age
RankedLock teamsTeams togetherTeam positionsShared explorationLock speedFull tech treeHidden civsTurbo modeCheats
Victory
Defeat
🇨🇱 Bulgarians · Chile
972
+15
🇺🇸 Saxons · United States
945
-15
Sir Loinsteak
8:00 Loom
10:08 Feudal Age
15:54 Castle Age
25:34 Double-Bit Axe
27:20 Fletching
27:14 Horse Collar
30:20 Bodkin Arrow
31:05 Bow Saw
30:58 Crossbowman
31:56 Scale Mail Armor
32:25 Padded Archer Armor
32:55 Heavy Plow
35:14 Wheelbarrow
35:05 Chain Mail Armor
35:49 Thumb Ring
39:31 Imperial Age
37:19 Forging
BaLVaL
5:53 Loom
10:59 Feudal Age
11:27 Horse Collar
11:34 Double-Bit Axe
20:38 Castle Age
19:02 Forging
18:53 Scale Mail Armor
19:26 Gold Mining
19:26 Arson
21:37 Chain Mail Armor
21:24 Squires
22:44 Iron Casting
22:58 Wheelbarrow
22:59 Gold Shaft Mining
22:44 Bow Saw
22:55 Heavy Plow
22:45 Gambesons
25:02 Hand Cart
25:36 Fervor
27:23 Town Watch
31:02 Ballistics
31:09 Masonry
33:44 Imperial Age
33:55 Onager
35:29 Crop Rotation
36:10 Chemistry
37:08 Bagains
37:28 Conscription
Connection lost

Rejoining the realm…

Still unreachable

The connection could not be restored.

Session expired

The server has moved on; the page needs a fresh start.